Map: Lightshade LE

Players

SpeCial - Winner!

  • Race: Terran Terran
  • League: Master

HAS

  • Race: Protoss Protoss

Event: TSL 7

VOD

Have the link to the VOD?

Description

Time

  • Played on: June 13, 2021, 11:03 a.m.
  • Length: 16:38

All games in this series

Show
View Real Time Build Order
Export as new Build Order

SpeCial Terran - Winner!

Build Orders:  

Get SALT Encoding   

  12  0:00  SCV  
  13  0:12  SCV  
  14  0:17  Supply Depot  
  14  0:24  SCV  
  15  0:39  SCV, Barracks  
  16  0:43  Refinery  
  16  0:51  SCV  
  16  0:53  Refinery  
  17  1:03  SCV  
  18  1:07  Supply Depot  
  18  1:15  SCV  
  19  1:27  Reaper, Orbital Command  
  20  1:42  Factory  
  20  1:53  SCV  
  21  1:59  Reaper  
  22  2:05  SCV  
  23  2:18  Command Center  
  23  2:19  SCV  
  24  2:26  Hellion  
  26  2:31  SCV  
  27  2:38  Starport  
  27  2:41  Barracks Reactor  
  27  2:43  SCV  
  28  2:49  Widow Mine  
  28  2:51  Supply Depot  
  30  2:55  SCV  
  31  3:12  SCV  
  34  3:13  Widow Mine  
  34  3:14  Medivac  
  36  3:22  Marine x2  
  36  3:24  SCV  
  39  3:30  Orbital Command, Armory  
  39  3:36  SCV  
  39  3:40  Marine  
  39  3:41  Widow Mine  
  41  3:49  SCV  
  41  3:50  Marine  
  41  3:53  Medivac  
  44  3:57  Marine  
  44  3:58  SCV  
  44  4:01  SCV, Bunker  
  46  4:04  Widow Mine  
  46  4:07  Supply Depot  
  48  4:13  SCV x2  
  48  4:15  Marine x2  
  52  4:25  SCV  
  52  4:26  SCV  
  52  4:29  Factory Tech Lab  
  54  4:31  Viking  
  54  4:32  Marine  
  54  4:33  Marine  
  54  4:37  SCV  
  54  4:38  SCV  
  59  4:39  Supply Depot  
  58  4:49  SCV  
  58  4:50  Cyclone, Marine  
  58  4:51  Marine  
  62  5:01  SCV x2  
  64  5:07  Supply Depot  
  64  5:08  Marine  
  64  5:09  Marine  
  64  5:13  SCV x2, Viking  
  64  5:22  Barracks  
  64  5:23  Barracks  
  64  5:25  Cyclone  
  64  5:26  Marine x2  
  64  5:27  SCV  
  68  5:28  SCV  
  68  5:32  Supply Depot x2  
  69  5:40  SCV x2  
  69  5:42  Supply Depot  
  71  5:44  Marine x2  
  71  5:47  Starport Tech Lab  
  73  5:52  SCV  
  74  5:58  SCV  
  74  6:01  Cyclone  
  74  6:02  Marine x2  
  74  6:03  Refinery  
  78  6:04  Supply Depot  
  78  6:05  Refinery, Engineering Bay  
  78  6:07  SCV  
  78  6:10  SCV  
  80  6:12  Barracks Tech Lab  
  80  6:15  Starport Reactor  
  80  6:19  Marine  
  80  6:20  Marine  
  80  6:23  SCV  
  83  6:27  SCV  
  82  6:36  SCV  
  82  6:37  Marine  
  82  6:38  Marine  
  82  6:39  Stimpack, Marine x2, Combat Shield  
  82  6:45  Supply Depot  
  80  6:55  Marine x2  
  80  6:56  SCV  
  80  7:01  Marine  
  80  7:02  Cyclone  
  76  7:12  Terran Infantry Weapons Level 1  
  76  7:13  Marine x2, Supply Depot  
  73  7:20  Marauder x2  
  73  7:22  Medivac x2  
  76  7:31  Marine x2  
  76  7:35  Command Center  
  76  7:36  Missile Turret  
  76  7:37  Supply Depot  
  78  7:38  Siege Tank  
  78  7:41  Marauder  
  78  7:42  Marauder  
  85  7:45  Supply Depot  
  85  7:48  Marine  
  85  7:49  Marine  
  87  7:56  SCV x2  
  86  8:03  Marauder x2  
  90  8:06  Marine, Concussive Shells  
  90  8:07  Marine  
  90  8:09  Medivac  
  90  8:11  Barracks, Medivac  
  90  8:12  SCV  
  97  8:14  Barracks  
  97  8:17  Siege Tank  
  100  8:23  Supply Depot  
  100  8:24  Marine  
  100  8:25  Marine  
  100  8:26  Marauder  
  104  8:29  Marauder  
  104  8:33  SCV x2  
  108  8:42  Marine  
  108  8:45  SCV, Viking  
  108  8:46  Viking  
  114  8:50  Missile Turret  
  114  8:51  Supply Depot  
  114  8:53  Marine  
  115  8:57  Marauder  
  115  9:00  Marine  
  115  9:01  Marauder  
  120  9:05  Orbital Command  
  120  9:08  Barracks Tech Lab  
  120  9:18  Viking x2  
  120  9:19  Marine  
  120  9:20  Marine  
  126  9:25  Barracks Reactor  
  126  9:28  Marauder x2  
  126  9:31  Marauder  
  132  9:33  Terran Infantry Armor Level 1  
  132  9:37  Siege Tank  
  131  9:47  Marine x2  
  131  9:48  SCV  
  131  9:49  Marauder, Marine  
  131  9:50  SCV  
  131  9:52  Marauder  
  136  10:05  Marine, Viking x2  
  136  10:06  SCV  
  142  10:07  Marauder  
  142  10:08  SCV  
  142  10:09  SCV  
  140  10:15  Marine x2  
  140  10:16  Marauder  
  140  10:19  Siege Tank  
  147  10:24  Supply Depot  
  147  10:29  Marauder, Marine  
  144  10:37  Marauder  
  144  10:38  SCV  
  144  10:39  SCV  
  144  10:40  Marauder, Marine  
  144  10:42  SCV  
  113  10:50  SCV, Marauder  
  113  10:51  SCV, Siege Tank  
  113  10:56  Marine  
  108  10:59  Marauder, Viking x2  
  108  11:00  Marine  
  108  11:04  SCV x2  
  104  11:06  Marauder  
  100  11:11  Marine x2  
  100  11:12  Marauder  
  100  11:14  SCV  
  105  11:18  Marine x2  
  105  11:20  Marauder  
  109  11:27  Marauder  
  109  11:28  Viking  
  109  11:29  Viking  
  109  11:32  Marine  
  116  11:33  Marine  
  116  11:36  Marine x2  
  116  11:38  Terran Infantry Weapons Level 2  
  119  11:50  Marauder, Marine x2  
  119  11:51  Marauder  
  125  11:54  Marine x2  
  125  11:57  Siege Tank  
  132  12:03  Medivac  
  132  12:06  Refinery, SCV x3  
  132  12:07  Refinery, Supply Depot  
  132  12:08  Medivac  
  137  12:11  Marine  
  137  12:12  Marine x2  
  134  12:16  Marine  
  134  12:17  Marauder x2, Marine  
  134  12:22  SCV  
  121  12:29  Marine x2  
  110  12:32  SCV  
  110  12:33  SCV  
  110  12:34  Marine x2  
  110  12:35  Marauder  
  110  12:36  Siege Tank  
  120  12:38  Marauder x2  
  120  12:39  SCV  
  125  12:46  Medivac  
  125  12:47  Marine x2  
  125  12:48  Medivac  
  131  12:52  Marine  
  131  12:54  Marine  
  131  12:56  Marauder  
  135  12:59  Marine  
  135  13:05  Marine x2  
  130  13:06  Marauder  
  130  13:09  Drilling Claws, Marine  
  130  13:10  Siege Tank  
  130  13:11  Marine  
  124  13:17  Marauder, Marine  
  127  13:22  Marine  
  127  13:23  Marine  
  127  13:26  Marine  
  130  13:29  Sensor Tower, Command Center  
  130  13:30  Medivac  
  132  13:35  Medivac  
  132  13:36  Marine x3  
  137  13:41  Ghost Academy  
  137  13:47  Marine  
  137  13:48  Marauder  
  140  13:53  Widow Mine  
  140  13:54  Marine x2  
  140  13:55  Marauder, Marine  
  147  14:10  Marine  
  147  14:12  Ghost  
  147  14:22  Ghost  
  147  14:23  Marine  
  146  14:30  Ghost  
  146  14:31  Marine x2  
  152  14:36  Enhanced Shockwaves  
  148  14:47  Marine x2  
  148  14:48  Marauder, Marine  
  148  14:49  Marine  
  148  14:50  Starport Reactor  
  148  14:51  Marauder  
  156  14:59  Marine  
  157  15:05  Marine  
  156  15:09  Marauder  
  156  15:11  Marine  
  156  15:12  Marine  
  156  15:13  Marauder  
  156  15:14  Widow Mine x2  
  160  15:19  Marauder, Marine  
  160  15:20  Sensor Tower  
  162  15:23  Marine  
  163  15:30  Marauder, Planetary Fortress  
  163  15:31  Viking  
  163  15:35  Widow Mine x2  
  171  15:47  Marauder, Marine x3  
  176  15:56  Widow Mine x2  
  180  15:57  Marine  
  180  15:58  Marauder, Marine  
  175  16:17  Marauder  
Show
View Real Time Build Order
Export as new Build Order

HAS Protoss 

Build Orders: 1 Gate Expand, Phoenix Opening 

Get SALT Encoding   

  12  0:00  Probe  
  13  0:12  Probe  
  14  0:17  Pylon  
  14  0:24  Probe (Chrono Boost)  
  15  0:35  Gateway  
  16  0:37  Probe (Chrono Boost)  
  16  0:42  Probe (Chrono Boost)  
  16  0:45  Assimilator  
  17  0:52  Probe  
  18  1:04  Probe  
  19  1:16  Probe  
  20  1:20  Nexus  
  20  1:30  Cybernetics Core  
  20  1:35  Assimilator  
  20  1:38  Probe  
  21  1:47  Pylon  
  21  1:50  Probe  
  22  2:02  Probe  
  22  2:04  Adept (Chrono Boost)  
  25  2:14  Probe  
  26  2:21  Stargate  
  26  2:26  Probe, Adept  
  29  2:32  Warp Gate  
  29  2:36  Probe  
  29  2:40  Shield Battery  
  29  2:42  Probe (Chrono Boost)  
  30  2:48  Probe (Chrono Boost)  
  31  2:54  Probe (Chrono Boost)  
  33  3:00  Probe (Chrono Boost)  
  33  3:02  Probe (Chrono Boost)  
  33  3:05  Phoenix (Chrono Boost)  
  36  3:08  Probe  
  36  3:10  Adept  
  39  3:14  Probe  
  39  3:20  Probe  
  39  3:26  Probe  
  41  3:32  Probe  
  41  3:39  Probe  
  40  3:42  Phoenix (Chrono Boost)  
  40  3:44  Probe  
  40  3:51  Probe  
  41  3:56  Probe  
  41  4:00  Robotics Facility  
  42  4:02  Pylon  
  42  4:03  Probe  
  42  4:06  Phoenix  
  42  4:08  Probe  
  46  4:20  Probe x2  
  46  4:33  Probe x2, Phoenix  
  50  4:45  Probe x2  
  50  4:49  Observer (Chrono Boost)  
  49  4:57  Probe x2  
  43  5:09  Probe x2  
  43  5:11  Phoenix  
  43  5:12  Adept  
  51  5:21  Probe x2  
  51  5:25  Shield Battery  
  51  5:33  Pylon  
  51  5:35  Probe  
  51  5:36  Probe  
  51  5:39  Observer (Chrono Boost)  
  51  5:42  Gateway  
  54  5:45  Gateway, Assimilator x2  
  54  5:51  Probe  
  54  5:52  Probe  
  56  5:58  Immortal (Chrono Boost)  
  56  6:03  Probe  
  61  6:04  Probe  
  61  6:06  Pylon  
  61  6:08  Pylon  
  61  6:10  Robotics Bay  
  62  6:24  Probe x2  
  62  6:26  Stalker  
  64  6:36  Probe  
  64  6:38  Phoenix  
  64  6:39  Stalker  
  65  6:40  Stalker  
  65  6:44  Probe  
  68  6:52  Zealot  
  68  6:55  Probe  
  68  6:57  Probe  
  68  7:04  Stalker x2  
  68  7:07  Probe  
  70  7:22  Pylon x2  
  70  7:33  Pylon  
  70  7:36  Colossus (Chrono Boost)  
  70  7:39  Twilight Council  
  70  7:40  Probe x2  
  70  7:41  Forge  
  70  7:43  Nexus, Sentry x2  
  82  7:45  Sentry  
  84  7:52  Probe x2  
  86  8:00  Phoenix  
  86  8:02  Extended Thermal Lance (Chrono Boost)  
  88  8:08  Gateway x2  
  88  8:12  Gateway  
  87  8:13  Protoss Ground Weapons Level 1 (Chrono Boost)  
  87  8:17  Gateway  
  87  8:21  Pylon  
  87  8:25  Colossus (Chrono Boost)  
  93  8:42  Zealot x3  
  93  8:47  Phoenix  
  99  9:05  Probe x3, Pylon  
  102  9:10  Stalker x4  
  102  9:17  Warp Prism (Chrono Boost)  
  112  9:27  Phoenix  
  112  9:28  Probe  
  115  9:31  Pylon  
  115  9:35  Twilight Council  
  115  9:36  Probe  
  116  9:42  Colossus (Chrono Boost)  
  120  10:06  Zealot x6  
  132  10:08  Protoss Ground Weapons Level 2 (Chrono Boost)  
  130  10:15  Charge (Chrono Boost)  
  130  10:17  Phoenix  
  128  10:30  Stalker x2  
  132  10:36  Colossus  
  132  10:42  Zealot x5  
  124  10:49  Stalker x4  
  96  11:01  Stalker x3  
  86  11:14  Stalker x3  
  90  11:20  Probe  
  90  11:21  Probe x2  
  90  11:25  Observer, Assimilator x2  
  93  11:28  Gateway  
  93  11:30  Gateway, Zealot x4  
  93  11:32  Gateway  
  101  11:34  Gateway  
  101  11:38  Sentry x2  
  105  11:42  Zealot  
  105  11:45  Nexus  
  107  11:52  Templar Archives  
  107  11:53  Zealot  
  107  11:54  Zealot  
  111  12:00  Zealot x2  
  115  12:01  Zealot  
  115  12:04  Zealot  
  115  12:06  Zealot  
  87  12:27  Zealot x7  
  89  12:34  Observer (Chrono Boost)  
  89  12:35  High Templar x3  
  89  12:36  High Templar  
  98  12:40  Archon x2  
  98  12:50  Zealot x3  
  98  12:51  Zealot x3  
  110  12:55  Observer (Chrono Boost)  
  89  13:09  Probe  
  89  13:11  Probe  
  89  13:12  Probe, Colossus (Chrono Boost)  
  92  13:17  Probe  
  92  13:18  Pylon  
  99  13:21  High Templar x2  
  99  13:22  Zealot x3  
  99  13:26  Archon  
  109  13:32  Sentry  
  109  13:33  High Templar x2  
  115  13:41  Archon  
  115  13:43  Probe x4  
  115  13:44  Protoss Ground Armor Level 1 (Chrono Boost)  
  119  13:51  Colossus (Chrono Boost)  
  119  13:55  Probe  
  124  14:01  Zealot x2  
  128  14:05  Pylon  
  128  14:07  Zealot  
  128  14:08  Zealot x4  
  136  14:18  Probe x2  
  136  14:20  Pylon  
  136  14:22  Pylon  
  138  14:25  Zealot x4  
  140  14:32  High Templar x3  
  140  14:33  High Templar  
  140  14:37  Archon, Zealot x3  
  140  14:38  Archon  
  152  14:53  Pylon, Zealot x4  
  152  14:55  Colossus (Chrono Boost)  
  150  15:24  Stalker x2  
  150  15:25  Stalker x4  
  150  15:28  Zealot x2  
  166  15:34  Nexus  
  166  15:35  Observer (Chrono Boost)  
  167  15:42  Zealot x2  
  167  15:43  Zealot  
  171  15:51  Stalker x4  
  123  16:22  Zealot x3  
Tags
 
Add a new tag
Caveats
  • Supply blocks, unpowered buildings, or Contaminate may cause inaccurate times.
  • Supply counts are checked every 10 seconds.